 Dungeon Crawl Stone Soup version 0.30.0-30-g96aa6591b8 (webtiles) character file.

Game seed: 17235524122217711980

582 Labrat the Conjurer (level 7, -4/44 (46) HPs)
             Began as a Human Conjurer on June 26, 2023.
             Killed by nerve-wracking pain
             ... invoked by an orc priest
              (7 damage)
             ... on level 4 of the Dungeon.
             The game lasted 00:09:04 (3654 turns).

Labrat the Conjurer (Human Conjurer)                Turns: 3654, Time: 00:09:05

HP:   -4/44 (46)    AC:  3    Str:  7    XL:     7   Next: 63%
MP:   6/14          EV: 11    Int: 21    God:
Gold: 137           SH:  3    Dex: 11    Spells: 9/16 levels left

rFire   . . .        c - +0 trident
rCold   . . .        l - +0 buckler
rNeg    . . .        a - +0 robe
rPois   .            (no helmet)
rElec   .            (no cloak)
rCorr   .            h - +0 pair of gloves
SInv    .            (no boots)
Will    .....        n - amulet of magic regeneration
Stlth   ++           (no ring)
HPRegen 0.27/turn    (no ring)
MPRegen 0.54/turn

%: no passive effects
@: lightly drained
A: no striking features
a: no special abilities


You were on level 4 of the Dungeon.
You visited 1 branch of the dungeon, and saw 5 of its levels.

You collected 137 gold pieces.

Inventory:

Hand Weapons
 c - a +0 trident (weapon)
Missiles
 y - 5 atropa-tipped darts
 B - 6 curare-tipped darts
 C - a throwing net
Armour
 a - a +0 robe (worn)
 h - a +0 pair of gloves (worn)
 l - a +0 buckler (worn)
Magical Staves
 r - a staff of earth
Jewellery
 g - a ring of ice
 n - an amulet of magic regeneration (around neck)
Scrolls
 d - a scroll of fog {unknown}
 e - 3 scrolls of identify {unknown}
 o - a scroll of teleportation {unknown}
 p - a scroll of acquirement {unknown}
 t - a scroll of torment {unknown}
 u - a scroll of immolation {unknown}
 w - 3 scrolls of noise {unknown}
 A - a scroll of enchant armour {unknown}
 E - a scroll of enchant weapon {unknown}
Potions
 b - 2 potions of magic
 f - 2 potions of heal wounds {unknown}
 i - 2 potions of degeneration {unknown}
 j - 2 potions of curing {unknown}
 k - 5 potions of mutation {unknown}
 m - 2 potions of berserk rage {unknown}
 q - a potion of flight {unknown}
 s - a potion of haste {unknown}
 v - a potion of invisibility {unknown}
 x - 2 potions of might {unknown}
 z - a potion of lignification {unknown}
 D - a potion of cancellation {unknown}


   Skills:
 - Level 2.0 Dodging
 - Level 2.0 Stealth
 + Level 5.3 Spellcasting
 + Level 6.7 Conjurations


You had 9 spell levels left.
You knew the following spells:

 Your Spells              Type           Power      Damage    Failure   Level
a - Magic Dart            Conj           100%       1d8       1%          1
b - Searing Ray           Conj           68%        2d6       1%          2
c - Iskenderun's Mystic   Conj/Tloc      19%        2d6       41%         4

Your spell library contained the following spells:

 Spells                   Type           Power      Damage    Failure   Level
 Shock                    Conj/Air       76%        1d7       4%          1
 Dazzling Flash           Conj/Hex       38%        N/A       13%         3
 Cigotuvi's Dreadful Rot  Necr/Pois/Air  10%        N/A       26%         2
 Fulminant Prism          Conj/Hex       9%         3d7       41%         4
 Ignite Poison            Fire/Tmut/Pois 5%         N/A       47%         3
 Inner Flame              Hex/Fire       5%         N/A       47%         3
 Swiftness                Air            5%         N/A       47%         3
 Airstrike                Air            2%         2d(1-17)  87%         4
 Freezing Cloud           Conj/Ice/Air   7%         6-21      88%         5
 Yara's Violent Unravell  Hex/Tmut       2%         3d3       99%         5
 Enfeeble                 Hex            2%         N/A       100%        7


Dungeon Overview and Level Annotations

Branches:
Dungeon (5/15)
 Temple: D:4-7

Altars:
Dithmenos
Kikubaaqudgha
Ru
Uskayaw
Wu Jian

Annotations:
D:2 dig, Natasha, Sigmund
D:4 Pargi
D:5 exclusion: sky beast


Message History

The orc priest calls down the wrath of Beogh upon you.
Unknown command.
Casting: Searing Ray (safe; 1% risk of failure)
Confirm with . or Enter, or press ? or * to list all spells.
Restarting spell: Searing Ray (safe; 1% risk of failure)
Press: ? - help, Shift-Dir - straight line, f - endoplasm
Aim: an endoplasm (98% to hit)
The searing ray hits the endoplasm!
You kill the endoplasm! (Press . to maintain the ray.)
Something hits you.
* * * LOW HITPOINT WARNING * * *
You feel drained.
* * * LOW HITPOINT WARNING * * *
Casting: Searing Ray (safe; 1% risk of failure)
Confirm with . or Enter, or press ? or * to list all spells.
Restarting spell: Searing Ray (safe; 1% risk of failure)
Press: ? - help, Shift-Dir - straight line, f - orc priest
Aim: an orc priest, wielding a +0 hand axe and wearing a +0 ring mail (lightly wounded, 83% to hit)
The searing ray hits something.
The searing ray hits the orc priest.
The orc priest is moderately wounded. (Press . to maintain the ray.)
You hear some strange, mumbled words.
A magic dart appears from out of thin air!
The magic dart hits you!
* * * LOW HITPOINT WARNING * * *
Unknown command.
You aren't carrying any items that you can evoke.
Unknown command.
Casting: Searing Ray (safe; 1% risk of failure)
Confirm with . or Enter, or press ? or * to list all spells.
Restarting spell: Searing Ray (safe; 1% risk of failure)
Press: ? - help, Shift-Dir - straight line, p - orc priest (Press . to maintain the ray.)
A hobgoblin comes into view.
You hear some strange, mumbled words.
Something tries to affect you, but you resist.
The orc priest mumbles some strange prayers to Beogh against you.
Pain shoots through your body!
You die...

...#..#....#######
##..##..##...#...#
##..##..##...#...#
...#..#..........###
..#....#...........########
.#..##..#........#........#
#...##...#.##.....#######.#
..........#.....)o.#####
#.....#.#####...@{.....#
........[ #....##....#
.######.......##.. .......
. ..#.. #.#........ . . ##
........... # #.. ......#
#.. .....o. ###### .... .g.
#####....#


You could see an orc priest and a hobgoblin (wandering).

Vanquished Creatures
  A black bear (D:5)
  3 scorpions
  A jelly (D:5)
  A hound (D:4)
  A sleepcap (D:4)
  An orc wizard (D:4)
  7 gnolls
  4 adders
  A shadow imp (D:5)
  A worm (D:3)
  3 dart slugs (D:1)
  2 orcs
  2 ball pythons
  4 bats
  6 endoplasms
  4 giant cockroaches
  7 goblins
  9 hobgoblins
  3 jackals (D:1)
  7 kobolds
  4 quokkas
  A frilled lizard (D:2)
  4 rats
77 creatures vanquished.

Notes
Turn   | Place    | Note
-------+----------+-------------------------------------------
     0 | D:1      | Labrat the Human Conjurer began the quest for the Orb.
     0 | D:1      | Reached XP level 1. HP: 13/13 MP: 3/3
   182 | D:1      | Reached XP level 2. HP: 19/19 MP: 0/5
   413 | D:1      | Learned a level 2 spell: Searing Ray
   687 | D:1      | Reached XP level 3. HP: 24/24 MP: 3/6
   729 | D:1      | Found a faded altar of an unknown god.
  1466 | D:2      | Reached XP level 4. HP: 30/30 MP: 5/8
  1487 | D:2      | Noticed Sigmund
  1489 | D:2      | Noticed Natasha
  1599 | D:3      | Found an ornate altar of the Wu Jian Council.
  2239 | D:4      | Noticed a scorpion
  2252 | D:4      | Killed a scorpion
  2253 | D:4      | Reached skill level 5 in Conjurations
  2253 | D:4      | Reached XP level 5. HP: 11/35 MP: 0/10
  2544 | D:4      | Reached XP level 6. HP: 35/41 MP: 10/12
  2582 | D:4      | Noticed Pargi
  2609 | D:5      | Entered Level 5 of the Dungeon
  2650 | D:5      | Noticed a sky beast
  2777 | D:5      | Reached skill level 6 in Conjurations
  2971 | D:5      | Reached XP level 7. HP: 46/46 MP: 7/14
  3069 | D:5      | Found a shadowy altar of Dithmenos.
  3069 | D:5      | Found a faded altar of an unknown god.
  3077 | D:5      | Found a hide-covered altar of Uskayaw.
  3079 | D:5      | Found a sacrificial altar of Ru.
  3081 | D:5      | Found an ancient bone altar of Kikubaaqudgha.
  3184 | D:5      | HP: 2/46 [black bear (5)]
  3186 | D:5      | Reached skill level 5 in Spellcasting
  3541 | D:4      | Learned a level 4 spell: Iskenderun's Mystic Blast
  3654 | D:4      | Killed from afar by an orc priest

Illustrated notes

Levels and vault maps discovered:
D:1:      lightli_iron_boxes, layout_loops_ring, shapermc_ecumenical_altar_venn,
          kennysheep_another_room
D:2:      layout_basic, basic_altar, due_unseen_surprise, uniq_natasha,
          uniq_sigmund, uniq_terence
D:3:      layout_basic, nicolae_overflow_crystal_walls
D:4:      layout_rooms, kennysheep_okawaru_gauntlet, minivault_26, uniq_pargi
D:5:      layout_gridville, chequers_temple_overflow_minitemple, nrook_campfire

Skill      XL: |  1  2  3  4  5  6  7 |
---------------+----------------------+-----
Spellcasting   | 3 4 5 |  5.3
Conjurations   | 5 6 |  6.7
Dodging        | |  2.0
Stealth        | |  2.0

Action                     |  1- 3 |  4- 6 |  7- 9 || total
---------------------------+-------+-------+-------++-------
  Melee: Trident           |    10 |     9 |     2 ||    21
   Cast: Magic Dart        |    52 |    79 |    12 ||   143
         Searing Ray       |     2 |     9 |    11 ||    22
 Armour: Robe              |     1 |     6 |     6 ||    13
  Dodge: Dodged            |     9 |    10 |     8 ||    27
  Block: Buckler           |       |     5 |     2 ||     7
